 Dungeon Crawl Stone Soup version 0.17.2-1-ge4368a0 (webtiles) character file.

208 Goblin1989 the Ruffian (level 5, -7/49 HPs)
             Began as a Troll Hunter on Sept 26, 2016.
             Was an Initiate of Okawaru.
             Mangled by an orc warrior
             ... wielding a +0 war axe
              (13 damage)
             ... on level 6 of the Dungeon.
             The game lasted 00:11:53 (959 turns).

Goblin1989 the Ruffian (Troll Hunter)                Turns: 959, Time: 00:11:53

Health: -7/49      AC:  6    Str: 23    XL:     5   Next: 55%
Magic:  4/4        EV:  7    Int: 12    God:    Okawaru [......]
Gold:   36         SH:  8    Dex: 11    Spells: 0 memorised, 4 levels left

rFire  . . .     SeeInvis .       - Unarmed
rCold  . . .     Clarity  .     b - +0 robe
rNeg   + . .     SustAt   .     o - +0 shield
rPois  .         Gourm    +     (helmet restricted)
rElec  .         Spirit   .     i - +0 cloak
rCorr  .         Warding  +     (gloves unavailable)
rMut   .         Stasis   .     (boots unavailable)
MR     ++...                    k - amulet of warding
Stlth  +.........               (no ring)
                                y - +3 ring of slaying

@: mighty, brilliant, very resistant to hostile enchantments, very unstealthy
A: unfitting armour, claws 3, fast metabolism 3, gourmand, magic resistance 2,
regeneration 2, shaggy fur 1, tough skin 2, weak 1
a: Renounce Religion


You were on level 6 of the Dungeon.
You worshipped Okawaru.
Okawaru was noncommittal.
You were very full.

You visited 1 branch of the dungeon, and saw 7 of its levels.

You collected 36 gold pieces.

Inventory:

Missiles
 Z - 2 throwing nets (quivered)
Armour
 b - a +0 robe (worn)
 i - a +0 cloak (worn)
 j - a +0 large shield
 o - a +0 shield (worn)
Jewellery
 k - an amulet of warding (around neck)
 y - a +3 ring of slaying (left claw)
Scrolls
 d - a scroll of amnesia
Potions
 h - 2 potions of curing {@q1}
Comestibles
 e - 3 bread rations
 m - a meat ration


   Skills:
 + Level 2.1 Fighting
 - Level 3.6 Throwing
 + Level 2.1 Dodging
 - Level 0.4 Stealth
 + Level 1.4 Shields
 * Level 4.2 Unarmed Combat


You had 4 spell levels left.
You didn't know any spells.

Dungeon Overview and Level Annotations

Branches:
Dungeon (7/15)
 Temple: D:4-7

Altars:
Elyvilon
Okawaru
Sif Muna

Shops:
D:4 }


Innate Abilities, Weirdness & Mutations

You are too large for most types of armour.
You have claws for hands.
Your metabolism is lightning-fast.
You like to eat raw meat.
You heal very quickly.
You are covered in fur (AC +1).
You have very tough skin (AC +2).
You are highly resistant to hostile enchantments.
You are weak. (Str -2)


Message History

As you read the scroll labeled MACROC SICWU, it crumbles to dust.
You hear a voice calling someone else's name.
It was a scroll of random uselessness.
You block the orc warrior's attack.
Throwing (i - inventory. (,) - cycle):
c - a large rock (quivered)
Press: ? - help, Shift-Dir - straight line, f/p - orc warrior
Aim: an orc warrior, wielding a war axe and wearing a plate armour
Okay, then.
Read which item? (? for menu, Esc to quit)
As you read the scroll labeled PAV ZEUDECUNATHO, it crumbles to dust.
It is a scroll of identify.
Identify which item? (\ to view known items) (? for menu, Esc to quit)
d - a scroll of amnesia The orc warrior hits you but does no damage.
Throwing (i - inventory. (,) - cycle):
c - a large rock (quivered)
Press: ? - help, Shift-Dir - straight line, f/p - orc warrior
Aim: an orc warrior, wielding a war axe and wearing a plate armour You throw a large rock.
The large rock hits the orc warrior but does no damage.
The orc warrior hits you with a war axe!
You die...

.ਜਜਜਜਜਜਜਜ
...o((o.ਜ
ਜ.ਜਜਜਜਜ.ਜ
ਜ..ਜ
ਜ.ਜਜਜਜਜਜ
ਜਜ.ਜ
ਜ.oo...ਜ
...ਜ


ਜਜਜਜਜਜoਜ ...ਜ ਜ.ਜ ...ਜ ਜ(ਜਜਜਜਜਜਜਜਜ.. ...ਜ ਜ.ooo@......ਜ o..ਜ ਜਜਜਜਜਜਜਜਜਜਜਜਜ ...ਜ
...ਜ You could see an orc warrior, an orc priest and an orc.

Vanquished Creatures
  2 hounds
  An orc wizard (D:6)
  A jelly (D:5)
  A worker ant (D:5)
  3 adders
  A giant gecko (D:2)
  5 orcs (D:6)
  4 bats
  4 goblins
  5 hobgoblins
  2 jackals (D:5)
  3 kobolds
  4 giant cockroaches
  3 giant newts
  4 rats
43 creatures vanquished.

Notes
Turn   | Place    | Note
--------------------------------------------------------------
     0 | D:1      | Goblin1989 the Troll Hunter began the quest for the Orb.
     0 | D:1      | Reached XP level 1. HP: 19/19 MP: 0/0
    60 | D:1      | Reached skill level 1 in Unarmed Combat
   173 | D:2      | Reached XP level 2. HP: 22/27 MP: 1/1
   255 | D:2      | Found a white marble altar of Elyvilon.
   261 | D:2      | Found an iron altar of Okawaru.
   275 | D:2      | Became a worshipper of Warmaster Okawaru
   280 | D:2      | Found a deep blue altar of Sif Muna.
   334 | D:2      | Reached XP level 3. HP: 28/33 MP: 2/2
   541 | D:5      | Entered Level 5 of the Dungeon
   613 | D:4      | Found Meficirgh's Gadget Emporium.
   678 | D:5      | Reached XP level 4. HP: 18/42 MP: 3/3
   780 | D:6      | Reached skill level 1 in Shields
   803 | D:6      | Reached XP level 5. HP: 4/49 MP: 4/4
   835 | D:6      | Reached skill level 4 in Unarmed Combat
   925 | D:6      | Noticed an orc warrior
   935 | D:6      | Gained mutation: You are resistant to hostile enchantments. [potion of mutation]
   935 | D:6      | Gained mutation: You are highly resistant to hostile enchantments. [potion of mutation]
   935 | D:6      | Gained mutation: You are weak. (Str -2) [potion of mutation]
   959 | D:6      | Mangled by an orc warrior

Action                   |  1- 3 |  4- 6 || total
-------------------------+-------+-------++-------
Melee: Unarmed           |   100 |    31 ||   131
Throw: Large rock        |       |     8 ||     8
  Use: Potion            |       |     4 ||     4
       Scroll            |       |     2 ||     2
 Stab: Sleeping          |     2 |       ||     2
  Eat: Chunk             |    12 |     1 ||    13

Vault maps used:
D:1:      erik_arrival_triangle_medium
D:2:      wad_river_or_something, minmay_overflow_temple_star_quad,
          nicolae_ru_great_annihilating_truth, first_bread
D:3:      wad_crossroads, minmay_misc_feat_pillars, st_stairs_1
D:4:      serial_shops, shop, shop
D:5:      kennysheep_generic_room_13
D:6:      amethyst_overflow_temple_binary, temple_hall, trog_book
D:7:      ashenzari_altar_1, uniq_duvessa
